 Dungeon Crawl Stone Soup version 0.30.1-11-g7821555f0a (webtiles) character file.

Game seed: 6785808837342610247

212 Cheops the Conjurer (level 5, -2/31 HPs)
             Began as an Octopode Conjurer on Dec 2, 2023.
             Slain by a kobold brigand
             ... wielding a +0 short sword of electrocution
              (9 damage)
             ... in a sewer.
             The game lasted 00:13:26 (3475 turns).

Cheops the Conjurer (Octopode Conjurer)             Turns: 3475, Time: 00:13:26

Health: -2/31      AC:  1    Str:  6    XL:     5   Next: 90%
Magic:  4/8        EV: 14    Int: 21    God:
Gold:   61         SH:  0    Dex: 12    Spells: 5/8 levels left

rFire   . . .        h - +3 whip (vamp)
rCold   . . .        (no shield)
rNeg    . . .        (helmet restricted)
rPois   .            (no amulet)
rElec   .            (no ring)
rCorr   .            (no ring)
SInv    .            (no ring)
Will    .....        (no ring)
Stlth   ++++         (no ring)
HPRegen 0.25/turn    (no ring)
MPRegen 0.11/turn    (no ring)
                     (no ring)

%: no passive effects
@: lethally poisoned (-2 -> -4)
A: almost no armour, amphibious, 8 rings, camouflage 1, gelatinous body 1,
nimble swimmer 1, tentacles
a: no special abilities


You were in a sewer.
You visited 1 branch of the dungeon, and saw 3 of its levels.
You also visited: Sewer.

You collected 61 gold pieces.

Inventory:

Hand Weapons
 e - a +0 dagger
 h - a +3 vampiric whip (weapon)
Armour
 b - an orb of mayhem
Scrolls
 c - a scroll of butterflies {unknown}
 j - a scroll of identify {unknown}
 l - 3 scrolls of magic mapping
Potions
 a - a potion of magic
 d - a potion of invisibility {unknown}
 f - a potion of mutation {unknown}
 g - a potion of brilliance {unknown}
 i - a potion of ambrosia {unknown}
 k - a potion of heal wounds {unknown}


   Skills:
 + Level 3.7 Dodging
 - Level 2.6 Stealth
 * Level 2.1 Spellcasting
 - Level 6.0 Conjurations


You had 5 spell levels left.
You knew the following spells:

 Your Spells              Type           Power      Damage    Failure   Level
a - Magic Dart            Conj           100%       1d8       1%          1
b - Searing Ray           Conj           54%        2d6       1%          2

Your spell library contained the following spells:

 Spells                   Type           Power      Damage    Failure   Level
 Dazzling Flash           Conj/Hex       30%        N/A       13%         3
 Fulminant Prism          Conj/Hex       7%         3d7       38%         4
 Iskenderun's Mystic Bla  Conj/Tloc      15%        2d5       38%         4
 Vhi's Electric Charge    Tloc/Air       4%         N/A       41%         3
 Arcjolt                  Conj/Air       7%         1d17      75%         5
 Plasma Beam              Fire/Air       1%         2x1d12    100%        6


Dungeon Overview and Level Annotations

Branches:
Dungeon (3/15)              Sewer (1/1)

Altars:

Shops:
D:1 (   D:2 :


Innate Abilities, Weirdness & Mutations

You cannot wear most types of armour.
You are amphibious.
You can wear up to eight rings at the same time.
Your skin changes colour to match your surroundings (Stealth+).
Your rubbery body absorbs attacks. (AC +1, EV +1)
You are camouflaged when in or above water. (Stealth+)
You have tentacles for arms and can constrict up to eight enemies at once.


Message History

The kobold brigand is moderately wounded.
The kobold brigand throws a poisoned dart.
The poisoned dart hits you!
You are poisoned.
Casting: Magic Dart (safe; 1% risk of failure)
Confirm with . or Enter, or press ? or * to list all spells.
Aiming: Magic Dart (safe; 1% risk of failure)
Press: ? - help, Shift-Dir - straight line, f/p - kobold brigand
Aim: a kobold brigand, wielding a +0 club and quivering poisoned darts (moderately wounded, 100% to hit)
The magic dart hits the kobold brigand but does no damage.
The kobold brigand is moderately wounded.
You feel sick.
The kobold brigand throws a poisoned dart.
The poisoned dart hits you.
You are more poisoned.
Casting: Magic Dart (safe; 1% risk of failure)
Confirm with . or Enter, or press ? or * to list all spells.
Aiming: Magic Dart (safe; 1% risk of failure)
Press: ? - help, Shift-Dir - straight line, f/p - kobold brigand
Aim: a kobold brigand, wielding a +0 club and quivering poisoned darts (moderately wounded, 100% to hit)
The magic dart hits the kobold brigand.
The kobold brigand is moderately wounded.
You feel very sick.
Casting: Magic Dart (safe; 1% risk of failure)
Confirm with . or Enter, or press ? or * to list all spells.
Aiming: Magic Dart (safe; 1% risk of failure)
Press: ? - help, Shift-Dir - straight line, f/p - kobold brigand
Aim: a kobold brigand, wielding a +0 club and quivering poisoned darts (moderately wounded, 100% to hit)
The magic dart hits the kobold brigand.
The kobold brigand is moderately wounded.
You feel sick.
You feel sick.
You feel sick.
You feel sick.
You feel sick.
You feel sick.
The kobold brigand hits you with a +0 short sword of electrocution!
* * * LOW HITPOINT WARNING * * *
You are electrocuted!
You die...

!~#####~~...#####....~# ##...##
##.†.## ##K## ##~## #~# #~# #~#
#~# ##### ##~## ##~## ###
##.~.## ##~..## ##.~.## ##..
#..~~.####.....#####~K.∩.####...
#..†..~~~~~~..K@≈≈≈≈~.∩~.~~~~~..
#.~..~####...~.#####~..~.####...
##~~.## ##~~.#######~~~## ##..
##~## ##≈####.####≈## ##~ #~#
#≈###...###≈# #~ #~#
#≈##..∩.~##≈# #) #~#
#≈###.).###≈# #† ##)##
##≈####.####≈## ##~ ##.).##
##~~.###)###~~~## ##..


You could see 2 kobold brigands.

Vanquished Creatures
  A kobold brigand (Sewer)
  A gnoll (D:1)
  7 adders
  3 worms
  A dart slug (D:2)
  4 bats
  13 endoplasms
  3 giant cockroaches
  4 goblins
  3 hobgoblins
  2 jackals (D:1)
  A quokka (D:3)
  9 ball pythons
  A frilled lizard (D:1)
  7 kobolds
  5 rats
65 creatures vanquished.

Notes
Turn   | Place    | Note
-------+----------+-------------------------------------------
     0 | D:1      | Cheops the Octopode Conjurer began the quest for the Orb.
     0 | D:1      | Reached XP level 1. HP: 11/11 MP: 3/3
   372 | D:1      | Reached XP level 2. HP: 15/17 MP: 0/5
   593 | D:1      | Found a faded altar of an unknown god.
   732 | D:1      | Found Cycho's Weapon Shop.
   740 | D:1      | Reached XP level 3. HP: 21/21 MP: 0/6
  1293 | D:1      | Learned a level 2 spell: Searing Ray
  1507 | D:2      | Reached skill level 5 in Conjurations
  2058 | D:2      | Found Zuquwuin's Book Shop.
  2347 | D:3      | Reached XP level 4. HP: 27/27 MP: 4/7
  2674 | D:3      | Found a glowing drain.
  2678 | Sewer    | Entered a sewer
  3194 | Sewer    | Noticed a kobold brigand
  3199 | Sewer    | Reached XP level 5. HP: 26/31 MP: 4/8
  3207 | Sewer    | Killed a kobold brigand
  3208 | Sewer    | Reached skill level 6 in Conjurations
  3378 | Sewer    | Noticed a kobold brigand
  3379 | Sewer    | Noticed a kobold brigand
  3475 | Sewer    | Slain by a kobold brigand

Illustrated notes

Levels and vault maps discovered:
D:1:      minmay_arrival_split_and_join, layout_basic, serial_shops,
          nicolae_shop_temple_entry_statues_fountains,
          shapermc_ecumenical_altar_notcrosses
D:2:      layout_loops_cross, serial_shops, nicolae_shop_waterfront
D:3:      layout_loops_ring, okawaru_metal_pillars_3,
          mainiacjoe_overflow_divided_tiny, gup_sewer_entry_spiral,
          dreamdust_princess_corridor
Sewer:    sewer_co_15_rooms

Skill      XL: |  1  2  3  4  5 |
---------------+----------------+-----
Conjurations   | 5 6 |  6.0
Dodging        | 3 |  3.7
Stealth        | |  2.6
Spellcasting   | |  2.1

Action                     |  1- 3 |  4- 6 || total
---------------------------+-------+-------++-------
  Melee: Unarmed           |    10 |       ||    10
         Constrict         |     5 |     5 ||    10
         Tentacles         |     4 |     5 ||     9
         Dagger            |     2 |       ||     2
         Whip              |       |    20 ||    20
   Cast: Magic Dart        |    74 |    54 ||   128
         Searing Ray       |     1 |     6 ||     7
    Use: Scroll            |     5 |       ||     5
   Stab: Sleeping          |       |     2 ||     2
 Armour: Skin              |     4 |     3 ||     7
  Dodge: Dodged            |    23 |    13 ||    36
